 Dungeon Crawl Stone Soup version 0.29.0-11-gd7f09526c8 (webtiles) character file.

Game seed: 1757002461020055680

53 hilljack the Stinger (level 3, -3/21 HPs)
             Began as an Octopode Venom Mage on Sept 6, 2022.
             Was a Follower of the Shining One.
             Slain by a gnoll
             ... wielding a +0 rapier of venom
              (5 damage)
             ... on level 3 of the Dungeon.
             The game lasted 00:03:35 (2522 turns).

hilljack the Stinger (Octopode Venom Mage)          Turns: 2522, Time: 00:03:35

Health: -3/21      AC:  1    Str:  7    XL:     3   Next: 87%
Magic:  6/6        EV: 13    Int: 19    God:    the Shining One [*.....]
Gold:   110        SH:  0    Dex: 12    Spells: 0/6 levels left

rFire   . . .      SeeInvis .   b - +4 whip
rCold   + . .      Faith    .   (no shield)
rNeg    . . .      Spirit   .   (helmet restricted)
rPois   .          Reflect  .   (no amulet)
rElec   .          Harm     .   i - ring of protection from cold
rCorr   .          Rampage  .   (no ring)
Will    .....                   (no ring)
Stlth   ++........              (no ring)
HPRegen 0.07/turn               (no ring)
MPRegen 0.10/turn               (no ring)
                                (no ring)
                                (no ring)

@: lethally poisoned (-3 -> -14), glowing
A: almost no armour, amphibious, 8 rings, camouflage 1, gelatinous body 1,
(nimble swimmer 1), tentacles
a: Renounce Religion, Divine Shield


You were on level 3 of the Dungeon.
You worshipped the Shining One.
The Shining One was aware of your devotion.
You visited 1 branch of the dungeon, and saw 3 of its levels.

You collected 110 gold pieces.

Inventory:

Hand Weapons
 b - a +4 whip (weapon)
 l - a +1 whip of holy wrath
Jewellery
 i - a ring of protection from cold (left tentacle)
Scrolls
 c - a scroll of amnesia
 d - a scroll of brand weapon {unknown}
 h - a scroll of noise {unknown}
 j - 2 scrolls of identify
 m - a scroll of teleportation {unknown}
Potions
 a - 2 potions of magic
 f - a potion of curing
 g - 2 potions of brilliance
 n - a potion of resistance


   Skills:
 - Level 2.4 Dodging
 - Level 2.8 Stealth
 + Level 1.6 Unarmed Combat
 - Level 2.3 Spellcasting
 - Level 1.6 Transmutations
 - Level 4.0 Poison Magic


You couldn't memorise any spells.
You knew the following spells:

 Your Spells              Type           Power      Damage    Failure   Level
a - Sting                 Tmut/Pois      48%        1d5       5%          1
b - Poisonous Vapours     Pois/Air       18%        N/A       11%         2
c - Mephitic Cloud        Conj/Pois/Air  7%         N/A       28%         3

Your spell library contained the following spells:

 Spells                   Type           Power      Damage    Failure   Level
 Olgreb's Toxic Radiance  Pois           17%        N/A       30%         4
 Cause Fear               Hex            1%         N/A       85%         4
 Summon Ice Beast         Ice/Summ       2%         N/A       85%         4
 Summon Mana Viper        Hex/Summ       2%         N/A       99%         5
 Dragon Form              Tmut           4%         N/A       100%        7
 Monstrous Menagerie      Summ           1%         N/A       100%        7
 Dragon's Call            Summ           1%         N/A       100%        9


Dungeon Overview and Level Annotations

Branches:
Dungeon (3/15)

Altars:
The Shining One


Innate Abilities, Weirdness & Mutations

You cannot wear most types of armour.
You are amphibious.
You can wear up to eight rings at the same time.
Your skin changes colour to match your surroundings (Stealth+).
Your rubbery body absorbs attacks. (AC +1, EV +1)
((You are camouflaged when in or above water. (Stealth+)))
You have tentacles for arms and can constrict up to eight enemies at once.


Message History

The hobgoblin misses you.
You hit the hobgoblin.
The hobgoblin is severely wounded.
You constrict the hobgoblin.
You kill the hobgoblin!
A bat comes into view.
The gnoll throws a stone.
The stone hits you.
An endoplasm comes into view.
The hobgoblin hits you.
The endoplasm quivers.
You hit the hobgoblin.
You kill the hobgoblin!
The bat barely misses you.
A gnoll comes into view. It is wielding a +0 whip.
The bat misses you. The bat completely misses you.
The bat attacks as you move away! The bat closely misses you. The bat hits you.
The bat misses you. The bat attacks as you move away!
The bat barely misses you. The bat hits you.
You see here 12 gold pieces.
You completely miss the bat. Your grab misses the bat. The bat hits you.
The bat hits you but does no damage.
You hit the bat.
You kill the bat!
The gnoll throws a stone.
The stone misses you. The gnoll misses you.
You see here a bat corpse.
You hit the gnoll. You grab the gnoll.
The gnoll is heavily wounded.
You constrict the gnoll. The gnoll barely misses you.
The gnoll hits you with a +0 rapier of venom.
* * * LOW HITPOINT WARNING * * *
You are lethally poisoned!
You hit the gnoll but do no damage.
The gnoll is heavily wounded.
You constrict the gnoll, but do no damage.
* * * LOW HITPOINT WARNING * * *
You feel very sick.
The gnoll hits you with a +0 rapier of venom.
You die...

.........# #####)####.###
.........# #.....#.#<#
.........# #..##.#.#.#
......[..# #..##.#.#.###
.....J...# #...#.#.#...#
......†..# ##..#.#.#.###
.........# #..#.....#
.........###########.##..#
.........Jg@$...>....##..#
.........#######.###.....#
.........# #.# #.###.#
.........# #.# #.# ...
.........# #.# #.# ..##
.........# ..# #.# ..#
........# .## #.. .......
# ##


You could see a gnoll and an endoplasm.

Vanquished Creatures
  A worm (D:2)
  A dart slug (D:1)
  4 endoplasms
  4 giant cockroaches (D:1)
  5 hobgoblins
  A quokka (D:1)
  5 ball pythons
  3 bats
  2 frilled lizards
  4 goblins
  6 kobolds
  9 rats
45 creatures vanquished.

Vanquished Creatures (collateral kills)
  A kobold (D:2)
1 creature vanquished.

Grand Total: 46 creatures vanquished

Notes
Turn   | Place    | Note
-------+----------+-------------------------------------------
     0 | D:1      | hilljack the Octopode Venom Mage began the quest for the
                  | Orb.
     0 | D:1      | Reached XP level 1. HP: 11/11 MP: 3/3
    99 | D:1      | Found a faded altar of an unknown god.
   114 | D:1      | Prayed at the altar of an unknown god.
   114 | D:1      | Became a worshipper of the Shining One
   114 | D:1      | Reached * piety under the Shining One
   451 | D:1      | Reached XP level 2. HP: 17/17 MP: 5/5
  1281 | D:1      | Reached skill level 4 in Poison Magic
  1281 | D:1      | Reached XP level 3. HP: 19/21 MP: 6/6
  1331 | D:1      | You fall into a shaft and drop 1 floor!
  2022 | D:2      | Reached skill level 1 in Unarmed Combat
  2094 | D:2      | Learned a level 2 spell: Poisonous Vapours
  2098 | D:2      | Learned a level 3 spell: Mephitic Cloud
  2522 | D:3      | Slain by a gnoll

Illustrated notes

Levels and vault maps discovered:
D:1:      lemuel_arrival_lava_pool, layout_basic,
          shapermc_ecumenical_altar_venn, minmay_misc_feat_tiny,
          minmay_pentomino_v4
D:2:      layout_loops_ring, chequers_serial_rivers_micro_c
D:3:      layout_basic, mainiacjoe_overflow_24_doors, serial_shops, shop

Skill      XL: |  1  2  3 |
---------------+----------+-----
Poison Magic   | 4 |  4.0
Unarmed Combat | 1 |  1.6
Dodging        | |  2.4
Stealth        | |  2.8
Spellcasting   | |  2.3
Transmutations | |  1.6

Action                   || total
-------------------------++-------
Melee: Whip              ||    72
       Constrict         ||    20
       Unarmed           ||     4
       Tentacles         ||    12
 Cast: Sting             ||     3
  Use: Scroll            ||     7
 Stab: Sleeping          ||     1
Armor: Skin              ||     5
Dodge: Dodged            ||    49
